 Dungeon Crawl Stone Soup version 0.18-a0-1311-g779ca93 (webtiles) character file.

5308 st0uf the Destroyer (level 10, -5/127 HPs)
             Began as a Naga Wizard on Feb 13, 2016.
             Was a Follower of Vehumet.
             Slain by a yak (8 damage)
             ... on level 9 of the Dungeon.
             The game lasted 01:24:05 (9765 turns).

st0uf the Destroyer (Naga Wizard)                   Turns: 9765, Time: 01:24:06

Health: -5/127     AC: 25    Str: 10    XL:     10   Next: 64%
Magic:  2/21       EV:  1    Int: 25    God:    Vehumet [*.....]
Gold:   383        SH:  0    Dex:  9    Spells: 4 memorised, 14 levels left

rFire  . . .     SeeInvis +     I - +2 spear of Gallantry {pierce, Int+3} (curse)
rCold  . . .     Gourm    .     (armour currently unavailable)
rNeg   + + +     Faith    .     (no shield)
rPois  +         Spirit   .     (helmet currently unavailable)
rElec  .         Dismiss  .     (cloak currently unavailable)
rCorr  .         Reflect  .     (gloves currently unavailable)
SustAt .         Harm     .     (no barding)
MR     +....     NoTele   +     H - amulet of inaccuracy (curse)
Stlth  +++++.....               (no ring)
                                E - ring of wizardry

@: tree-form, very slightly contaminated, hasted, very quick, somewhat resistant
to hostile enchantments, quite stealthy
A: see invisible, (deformed body), mutation resistance 1, (poison resistance),
(slowness 0), slow metabolism 1, spit poison 2, no device heal 1, MP-powered
wands, AC +3
a: Spit Poison, Renounce Religion


You were on level 9 of the Dungeon.
You worshipped Vehumet.
Vehumet was aware of your devotion.
You were very hungry.
You were a tree.
You visited 2 branches of the dungeon, and saw 10 of its levels.

You collected 452 gold pieces.
You spent 69 gold pieces at shops.

Inventory:

Hand Weapons
 h - a +3 trident of protection
 I - the cursed +2 spear of Gallantry (weapon) {pierce, Int+3}
   (You found it on level 8 of the Dungeon)

   It inflicts extra damage upon your enemies.
   It affects your intelligence (+3).
   It has a curse placed upon it.
Missiles
 m - 54 poisoned needles
 r - 3 throwing nets (quivered)
Armour
 a - a +0 robe (melded)
 b - a +0 hat (melded)
 k - a +0 cloak (melded)
 D - the +2 hat "Ogys" {rF+++ rN+++ Str-3 Slay-5}
   (You found it on level 5 of the Dungeon)

   It affects your strength (-3).
   It affects your accuracy and damage with ranged weapons and melee attacks
   (-5).
   It renders you almost immune to fire.
   It renders you almost immune to negative energy.
Jewellery
 y - an uncursed ring of protection from magic
 E - a ring of wizardry (left branch)
 H - a cursed amulet of inaccuracy (around neck)
 L - an uncursed ring of stealth {unknown}
Wands
 j - a wand of lightning (6/15)
 l - a wand of polymorph (5/24)
 o - a wand of enslavement (10/24)
 A - a wand of polymorph (13/24)
 F - a wand of paralysis (10/24)
Scrolls
 n - a scroll of recharging
 p - a scroll of fear
 q - a scroll of fog {unknown}
 x - a scroll of enchant armour
 C - 2 scrolls of teleportation {unknown}
 G - a scroll of magic mapping {unknown}
 N - 2 scrolls of enchant weapon
Potions
 e - 5 potions of curing
 g - 4 potions of lignification
 i - a potion of heal wounds {unknown}
 s - a potion of resistance {unknown}
 t - 2 potions of haste
 w - 2 potions of flight {unknown}
 z - 3 potions of agility {unknown}
 B - a potion of magic
 J - a potion of brilliance {unknown}
 O - 2 potions of cure mutation {unknown}
Books
 c - a book of Minor Magic

   Spells                             Type                      Level
   a - Magic Dart                     Conjuration                  1
   b - Blink                          Translocation                2
   c - Call Imp                       Summoning                    2
   d - Repel Missiles                 Charms/Air                   2
   e - Slow                           Hexes                        2
   f - Conjure Flame                  Conjuration/Fire             3
   g - Mephitic Cloud                 Conjuration/Poison/Air       3
 K - a book of Maledictions

   Spells                             Type                      Level
   a - Corona                         Hexes                        1
   b - Ensorcelled Hibernation        Hexes/Ice                    2
   c - Confuse                        Hexes                        3
   d - Tukima's Dance                 Hexes                        3
   e - Dazzling Spray                 Conjuration/Hexes            3
 M - a book of Flames

   Spells                             Type                      Level
   a - Flame Tongue                   Conjuration/Fire             1
   b - Throw Flame                    Conjuration/Fire             2
   c - Conjure Flame                  Conjuration/Fire             3
   d - Inner Flame                    Hexes/Fire                   3
   e - Sticky Flame                   Conjuration/Fire             4
   f - Fireball                       Conjuration/Fire             5
Comestibles
 d - 11 bread rations
 f - 6 meat rations
 u - 7 beef jerkies
 v - 7 fruits


   Skills:
 + Level 3.8 Fighting
 + Level 4.2 Polearms
 + Level 5.5 Dodging
 + Level 7.2 Stealth
 + Level 7.3 Spellcasting
 * Level 8.7 Conjurations
 + Level 1.5 Summonings
   Level 1.0 Translocations
 + Level 2.0 Air Magic
 + Level 3.6 Poison Magic


You had 14 spell levels left.
You knew the following spells:

 Your Spells              Type           Power        Failure   Level  Hunger
a - Magic Dart            Conj           ####         1%          1    None
b - Conjure Flame         Conj/Fire      ####....     1%          3    None
c - Mephitic Cloud        Conj/Pois/Air  ####....     1%          3    None
d - Call Imp              Summ           ###.....     3%          2    None


Dungeon Overview and Level Annotations

Branches:
Dungeon (9/15)             Temple (1/1) D:5
   Lair: D:8-11         Orc: D:9-12

Altars:
Cheibriados
Dithmenos
Elyvilon
Fedhas
Gozag
Kikubaaqudgha
Makhleb
Nemelex Xobeh
Okawaru
Pakellas
Qazlal
Ru
Sif Muna
Trog
Vehumet
Xom
Yredelemnul
Zin
The Shining One

Shops:
D:5 *

Annotations:
D:3 ThermosAquaticus's ghost, amateur DsSk
D:6 exclusion: door


Innate Abilities, Weirdness & Mutations

You cannot wear boots.
((Your serpentine skin is tough (AC +3).))
You have supernaturally acute eyesight.
((Armour fits poorly on your strangely shaped body.))
((Your system is resistant to poisons.))
((You cover ground very slowly.))
You have a slow metabolism.
You can spit poison.
You are somewhat resistant to further mutation.
Potions and wands are less effective at restoring your health.
You expend magic power (3 MP) to strengthen your wands.


Message History

You barely miss the yak.
The yak is almost dead.
The yak gores you but does no damage.
Attack whom?
Press: ? - help, Dir - move target cursor, f/p - yak
Aim: a yak (almost dead, poisoned)
You closely miss the yak.
The yak is almost dead.
The yak gores you but does no damage.
Drink which item? (? for menu, Esc to quit)
It was a potion of haste.
You feel yourself speed up. The orc hits you but does no damage.
The yak completely misses you.
You are very lightly contaminated with residual magic.
You barely miss the yak.
The yak is almost dead.
You have got your breath back.
You barely miss the yak.
The yak is almost dead.
The yak gores you!
You die...

...........
.).......
#.......
#..)..)
..... .).
##o# ##oY#
##.♣)#
##...)##
#......#
#...#...#
#o.####..##
#..# #...#
#..# ##..#
#.# #..## #
##..#


You could see a yak, an orc warrior (confused) and 2 orcs.

Vanquished Creatures
  Maurice (D:8)
  The ghost of Pikaro the Geomancer, a novice DDWn of Elyvilon (D:6)
  A two-headed ogre (D:8)
  A troll (D:8)
  2 yaks (D:9)
  Duvessa (D:6)
  2 necrophages
  3 sky beasts
  2 black bears (D:6)
  2 iguanas
  3 centaurs
  6 ogres
  3 phantoms
  7 giant frogs
  A gnoll sergeant (D:7)
  Dowan (D:6)
  11 killer bees
  3 scorpions
  A crimson imp (D:7)
  A giant frog zombie (D:9)
  A centaur zombie (D:9)
  2 hounds
  4 orc priests
  3 gnoll shamans
  A jelly (D:6)
  Crazy Yiuf (D:6)
  A centaur skeleton (D:4)
  2 giant frog skeletons
  5 worker ants
  A worker ant zombie (D:6)
  12 adders
  25 gnolls
  A shadow imp (D:6)
  2 oozes
  3 adder skeletons
  4 worms
  5 giant geckos
  17 orcs
  8 bats
  8 giant cockroaches
  8 goblins
  11 hobgoblins
  8 jackals
  9 kobolds
  4 quokkas
  2 ball pythons (D:2)
  2 giant newts
  12 rats
215 creatures vanquished.

Vanquished Creatures (collateral kills)
  An eye of draining (D:8)
  3 killer bees
  A gnoll (D:7)
5 creatures vanquished.

Vanquished Creatures (others)
  Menkaure (D:5)
  A scorpion (D:4)
  2 killer bees
  A giant frog skeleton (D:7)
  An orc wizard (D:4)
  2 gnolls
  A giant gecko (D:4)
  A jackal (D:4)
  2 quokkas (D:4)
12 creatures vanquished.

Grand Total: 232 creatures vanquished

Notes
Turn   | Place    | Note
--------------------------------------------------------------
     0 | D:1      | st0uf the Naga Wizard began the quest for the Orb.
     0 | D:1      | Reached XP level 1. HP: 15/15 MP: 4/4
   223 | D:1      | Reached XP level 2. HP: 22/22 MP: 0/6
   614 | D:1      | Reached XP level 3. HP: 28/28 MP: 5/8
   619 | D:1      | Learned a level 3 spell: Conjure Flame
   623 | D:1      | Learned a level 3 spell: Mephitic Cloud
  1135 | D:2      | Reached skill level 4 in Spellcasting
  1297 | D:2      | Reached XP level 4. HP: 32/36 MP: 0/10
  1306 | D:2      | Found an opulent altar of Gozag.
  1391 | D:2      | Found a glowing golden altar of the Shining One.
  1625 | D:2      | Found an oddly glowing altar of Pakellas.
  2088 | D:3      | Noticed ThermosAquaticus's ghost (amateur DsSk)
  2190 | D:3      | Noticed a giant frog
  2210 | D:2      | Killed a giant frog
  2210 | D:2      | Reached XP level 5. HP: 28/42 MP: 5/11
  2746 | D:3      | Found an iron altar of Okawaru.
  2804 | D:3      | Reached XP level 6. HP: 49/49 MP: 7/12
  3032 | D:3      | Found a burning altar of Makhleb.
  3321 | D:4      | Found a shadowy altar of Dithmenos.
  3468 | D:4      | Got a spiked ring mail
  3514 | D:4      | Reached skill level 5 in Spellcasting
  3514 | D:4      | Reached XP level 7. HP: 48/56 MP: 7/14
  3843 | D:4      | Found a shimmering altar of Xom.
  3968 | D:4      | Reached skill level 5 in Conjurations
  4224 | D:4      | Reached skill level 1 in Fighting
  4489 | D:5      | Entered Level 5 of the Dungeon
  4773 | D:5      | Found Eqeerch Yroim's Assorted Antiques.
  4784 | D:5      | Bought an amethyst potion for 21 gold pieces
  4784 | D:5      | Bought a scroll labeled QADOAM OQUM TAUK for 24 gold pieces
  4784 | D:5      | Bought a scroll labeled QADOAM OQUM TAUK for 24 gold pieces
  4784 | D:5      | Identified the +1 ring mail of Haovushra {Str+4} (You found it on level 4 of the Dungeon)
  4850 | D:5      | Reached XP level 8. HP: 64/64 MP: 13/16
  4859 | D:5      | Found a staircase to the Ecumenical Temple.
  4861 | D:5      | Noticed Menkaure
  4866 | Temple   | Entered the Ecumenical Temple
  4968 | D:5      | Your ally died
  4989 | D:5      | Reached skill level 6 in Conjurations
  5353 | D:5      | Reached skill level 5 in Stealth
  5378 | D:6      | Noticed Duvessa
  5384 | D:6      | Noticed Dowan
  5398 | D:6      | Killed Duvessa
  5398 | D:6      | Reached skill level 1 in Polearms
  5410 | D:6      | Killed Dowan
  5772 | D:6      | Noticed Pikaro's ghost (novice DDWn)
  5866 | D:5      | Learned a level 2 spell: Call Imp
  5902 | D:6      | Killed Pikaro's ghost
  5902 | D:6      | Reached XP level 9. HP: 53/73 MP: 15/18
  5914 | D:6      | Reached skill level 1 in Poison Magic
  6114 | D:6      | Found a basalt altar of Yredelemnul.
  6121 | D:6      | Found a bloodstained altar of Trog.
  6222 | D:6      | Found an ancient bone altar of Kikubaaqudgha.
  6390 | D:6      | Noticed Crazy Yiuf
  6400 | D:6      | Killed Crazy Yiuf
  6400 | D:6      | Reached skill level 7 in Conjurations
  6400 | D:6      | Reached skill level 1 in Air Magic
  7883 | D:7      | Reached skill level 5 in Dodging
  7914 | D:7      | Reached skill level 8 in Conjurations
  7914 | D:7      | Reached XP level 10. HP: 82/82 MP: 17/20
  7919 | D:7      | Gained mutation: Potions and wands are less effective at restoring your health. [mutagenic meat]
  7920 | D:7      | Gained mutation: You are somewhat resistant to further mutation. [mutagenic meat]
  7921 | D:7      | Gained mutation: You expend magic power (3 MP) to strengthen your wands. [mutagenic meat]
  8345 | D:5      | Found a blossoming altar of Fedhas.
  8351 | D:5      | Got a faintly glowing hat
  8362 | D:5      | Identified the +2 hat "Ogys" {rF+++ rN+++ Str-3 Slay-5} (You found it on level 5 of the Dungeon)
  8440 | D:8      | Found a radiant altar of Vehumet.
  8450 | D:8      | Became a worshipper of Vehumet
  8497 | D:8      | Got a brightly glowing spear
  8498 | D:8      | Identified the cursed +2 spear of Gallantry {pierce, Int+3} (You found it on level 8 of the Dungeon)
  8864 | D:8      | Noticed Maurice
  8891 | D:8      | Killed Maurice
  9628 | D:9      | Found a glowing golden altar of the Shining One.
  9750 | D:9      | HP: 6/124 [killer bee (3)]
  9753 | D:9      | Reached * piety under Vehumet
  9753 | D:9      | Offered knowledge of Sandblast by Vehumet.
  9757 | D:9      | HP: 3/127 [yak (7)]
  9760 | D:9      | HP: 1/127 [yak (2)]
  9765 | D:9      | Slain by a yak

Vault maps used:
D:1:      dpeg_arrival_rhombus
D:2:      lemuel_doored_altar, grunt_gozag_statues, lemuel_round_altar,
          kennysheep_generic_room_9
D:3:      lightli_temple_of_fire, okawaru_metal_pillars_3
D:4:      nicolae_dithmenos_the_darkroom, xom_confusion_cloud
D:5:      nicolae_overflow_hidden_temple, minmay_temple_entry_junction2,
          serial_shops, shop, first_bread, uniq_menkaure
D:6:      kennysheep_mini_moat, trog_ov_bears_minmay,
          yredelemnul_forgotten_temple_becter, uniq_crazy_yiuf_cottage,
          uniq_duvessa
D:7:      grunt_ogre_cave, minmay_misc_feat_pillars
D:8:      fiery_altar_vehumet, uniq_maurice
D:9:      evilmike_ruin_ashenzari, basic_altar
Temple:   nicolae_temple_figure_zero

Action                   |  1- 3 |  4- 6 |  7- 9 | 10-12 || total
-------------------------+-------+-------+-------+-------++-------
Melee: Unarmed           |     5 |       |       |       ||     5
       Trident           |       |    11 |   248 |    31 ||   290
       Spear             |       |       |       |   186 ||   186
 Cast: Magic Dart        |    72 |   130 |   168 |    29 ||   399
       Mephitic Cloud    |       |       |    43 |    21 ||    64
       Call Imp          |       |       |     5 |     2 ||     7
 Abil: Spit Poison       |    24 |    23 |    64 |    24 ||   135
Evoke: Wand              |       |       |     1 |       ||     1
  Use: Scroll            |       |     3 |     5 |     1 ||     9
       Potion            |       |       |       |     3 ||     3
 Stab: Sleeping          |       |     1 |     2 |     4 ||     7
       Confused          |       |       |     9 |    11 ||    20
       Distracted        |       |       |     1 |     1 ||     2
  Eat: Chunk             |     1 |     7 |    16 |     8 ||    32
       Fruit             |       |       |       |     1 ||     1
